AoeStats
← yyassir.adamo17

Arena

506500111Analyzed
2v2 RM · 19d ago on Sep 13, 2026· 49m 24s· 4 players
Game mode
Random Map
Map size
Medium (4 player)
Population
200
Speed
Normal
Resources
Standard
Victory
Conquest
Starting age
Dark Age
Ending age
Imperial Age
RankedLock teamsTeams togetherTeam positionsShared explorationLock speedFull tech treeHidden civsTurbo modeCheats
Victory
Defeat
🇦🇷 Goths · Argentina
1019
+13
🇦🇷 Goths · Argentina
1000
+40
🇲🇿 Celts · Mozambique
967
-14
🇲🇿 Koreans · Mozambique
918
-25
yyassir.adamo17
8:06 Loom
11:54 Feudal Age
15:28 Double-Bit Axe
20:13 Castle Age
21:28 Pikeman
24:00 Crossbowman
35:50 Imperial Age
34:43 Thumb Ring
35:05 Herbal Medicine
37:17 Halberdier
40:37 Arbalester
42:51 Chemistry
41:49 Murder Holes
42:24 Ballistics
43:07 Horse Collar
Black_Bird
12:12 Feudal Age
13:37 Wheelbarrow
16:09 Castle Age
14:00 Double-Bit Axe
13:57 Horse Collar
14:26 Stone Mining
14:42 Gold Mining
15:04 Town Watch
15:06 Loom
22:21 Gold Shaft Mining
30:30 Scale Barding Armor
30:26 Scale Mail Armor
34:37 Stone Shaft Mining
35:09 Chain Barding Armor
35:01 Forging
35:01 Stronghold
35:38 Chain Mail Armor
Dixon
11:38 Feudal Age
15:59 Castle Age
14:43 Double-Bit Axe
15:38 Horse Collar
18:58 Heavy Plow
23:35 Man-at-Arms
24:43 Gold Mining
25:05 Bow Saw
29:08 Long Swordsman
30:03 Forging
29:53 Scale Mail Armor
33:56 Iron Casting
33:36 Chain Mail Armor
34:07 Wheelbarrow
38:11 Imperial Age
36:17 Hand Cart
39:55 Two-Man Saw
39:18 Conscription
38:58 Perfusion
38:23 Two-Handed Swordsman
39:02 Champion
40:42 Crop Rotation
42:20 Blast Furnace
45:54 Anarchy
45:14 Elite Huskarl
Mirk.
15:27 Feudal Age
15:03 Loom
17:54 Wheelbarrow
22:08 Horse Collar
Connection lost

Rejoining the realm…

Still unreachable

The connection could not be restored.

Session expired

The server has moved on; the page needs a fresh start.